 Dungeon Crawl Stone Soup version 0.30-a0-170-g85af917532 (webtiles) character file.

Game seed: 7111987867687595175

200 qw the Chopper (level 5, -6/33 HPs)
             Began as a Gargoyle Fighter on Sept 30, 2022.
             Mangled by Natasha (10 damage)
             ... on level 3 of the Dungeon.
             The game lasted 00:01:08 (3568 turns).

qw the Chopper (Gargoyle Fighter)                   Turns: 3568, Time: 00:01:09

Health: -6/33      AC:  0    Str: 21    XL:     5   Next: 78%
Magic:  5/5        EV: 17    Int:  9    God:
Gold:   220        SH:  0    Dex: 14    Spells: 4/4 levels left

rFire   . . .      SeeInvis .    (weapon currently unavailable)
rCold   . . .      Faith    .    (shield currently unavailable)
rNeg    + . .      Spirit   .    (body armour currently unavailable)
rPois   inf        Reflect  .    (helmet currently unavailable)
rElec   .          Harm     .    (cloak currently unavailable)
rCorr   .          Rampage  .    (gloves currently unavailable)
Will    .....                    (boots currently unavailable)
Stlth   +.........               (no amulet)
HPRegen 0.11/turn                (ring currently unavailable)
MPRegen 0.09/turn                (ring currently unavailable)

@: bat-form, flying, slowed, quick
A: fast, flying, no casting, sickness immunity, AC +4, tiny, negative energy
resistance 1, (electricity resistance), torment resistance 1, petrification
resistance
a: no special abilities


You were on level 3 of the Dungeon.
You were a bat.
You visited 1 branch of the dungeon, and saw 3 of its levels.

You collected 220 gold pieces.


Innate Abilities, Weirdness & Mutations

You are a bat.
You are tiny and dextrous.
You move quickly.
You are flying.
Your equipment is almost entirely melded.
You are incapable of wielding weapons or throwing items.
You cannot cast spells.
You are immune to sickness and miasma.
((Your stone body is resilient. (AC +4)))
You are immune to poison.
You resist negative energy. (rN+)
((You are resistant to electric shocks. (rElec)))
You are resistant to unholy torment.
You are immune to petrification.


   Skills:
 - Level 3.8 Fighting
 - Level 5.0 Axes
 - Level 3.2 Armour
 + Level 0.0 Dodging
 - Level 3.2 Shields


You had 4 spell levels left.
You didn't know any spells.
Your spell library was empty.

Inventory:

Hand Weapons
 f - a +0 club
 Y - a +0 war axe (melded)
Armour
 b - a +0 scale mail (melded)
 c - a +0 buckler (melded)
 h - a +0 pair of boots
 o - a +0 chain mail
 p - a +0 pair of gloves (melded)
Scrolls
 a - a scroll of identify
 e - a scroll of amnesia {unknown}
 k - a scroll of enchant armour {unknown}
 m - a scroll of poison {unknown}
 n - 2 scrolls of torment {unknown}
Potions
 d - 2 potions of might
 g - 2 potions of curing
 i - a potion of resistance
 j - 2 potions of attraction
 l - a potion of heal wounds {unknown}

Dungeon Overview and Level Annotations

Branches:
Dungeon (3/15)

Altars:
Gozag

Annotations:
D:3 Natasha


Message History

Natasha extends her claws.
Natasha barely misses you.
You hit Natasha.
Natasha is moderately wounded.
Natasha casts a spell at you.
You feel yourself slow down.
You hit Natasha.
Natasha is moderately wounded.
Natasha claws you.
You hit Natasha but do no damage.
Natasha is moderately wounded.
Natasha claws you. Natasha misses you.
You hit Natasha.
Natasha is moderately wounded.
Natasha casts a spell at you. You resist with some effort.
You hit Natasha but do no damage.
Natasha is moderately wounded.
Natasha barely misses you.
You hit Natasha.
Natasha is heavily wounded.
Natasha claws you. Natasha barely misses you.
You hit Natasha.
Natasha is heavily wounded.
Natasha barely misses you.
You hit Natasha.
Natasha is severely wounded.
Natasha misses you.
You hit Natasha but do no damage.
Natasha is severely wounded.
Natasha closely misses you.
You hit Natasha.
Natasha is severely wounded.
Natasha misses you.
Natasha stares at you and mumbles some strange words.
The magic dart hits you!
You hit Natasha.
Natasha is almost dead.
Natasha claws you!
You die...

#....).##.####.'.8.%###.#.).
#########......#...#..##+...
########...#...##...
#.8.+#...#... #...###..'...
##### ####### #####
#...######## #........b.#
####....#####h# #^........#
.# #.........## ..
#..........# .#.
####.......##.##.
#..........# .# #...........
. #.# ##........# #.#


You could see Natasha.

Vanquished Creatures
  2 orc priests (D:3)
  Natasha (D:3)
  5 adders
  2 worms (D:3)
  3 dart slugs (D:1)
  2 orcs (D:3)
  2 endoplasms (D:3)
  6 giant cockroaches
  8 goblins
  3 hobgoblins
  6 kobolds (D:1)
  A quokka (D:1)
  5 ball pythons
  4 bats
  5 frilled lizards
  9 rats
64 creatures vanquished.

Notes
Turn   | Place    | Note
-------+----------+-------------------------------------------
     0 | D:1      | qw the Gargoyle Fighter began the quest for the Orb.
     0 | D:1      | Reached XP level 1. HP: 14/14 MP: 1/1
     0 | D:1      | 0 ||| qw: Version: 0.2-a-12-gaebbb33
     0 | D:1      | 0 ||| qw: Game counter: 1584
     0 | D:1      | 0 ||| qw: Always use a shield: true
     0 | D:1      | 0 ||| qw: God list: Okawaru
     0 | D:1      | 0 ||| qw: Allow faded altars: false
     0 | D:1      | 0 ||| qw: Do Orc after D:15 true
     0 | D:1      | 0 ||| qw: Do second Lair branch before Depths: true
     0 | D:1      | 0 ||| qw: Lair rune preference: random
     0 | D:1      | 0 ||| qw: Plans: Normal, Zot:1-4, God:TSO, Crypt, Tomb,
                  | Pan, Slime:5, Hells, Abyss, Orb
     0 | D:1      | 0 ||| PLANNING D:1-11
    74 | D:1      | 74 ||| Stepping ~*~*~tactically~*~*~ (stealth).
    77 | D:1      | 77 ||| Stepping ~*~*~tactically~*~*~ (stealth).
    80 | D:1      | Reached skill level 2 in Axes
    93 | D:1      | 93 ||| Stepping ~*~*~tactically~*~*~ (stealth).
    94 | D:1      | 94 ||| Stepping ~*~*~tactically~*~*~ (stealth).
    95 | D:1      | 95 ||| Stepping ~*~*~tactically~*~*~ (stealth).
   255 | D:1      | Reached XP level 2. HP: 19/19 MP: 2/2
   406 | D:1      | 406 ||| Stepping ~*~*~tactically~*~*~ (stealth).
   407 | D:1      | 407 ||| Stepping ~*~*~tactically~*~*~ (stealth).
   411 | D:1      | 411 ||| Stepping ~*~*~tactically~*~*~ (stealth).
   413 | D:1      | 413 ||| Stepping ~*~*~tactically~*~*~ (hiding).
   647 | D:1      | Reached skill level 3 in Axes
   732 | D:1      | Reached XP level 3. HP: 23/23 MP: 3/3
   914 | D:1      | 914 ||| Stepping ~*~*~tactically~*~*~ (hiding).
   916 | D:1      | 916 ||| Stepping ~*~*~tactically~*~*~ (hiding).
   918 | D:1      | 918 ||| Stepping ~*~*~tactically~*~*~ (hiding).
   920 | D:1      | 920 ||| Stepping ~*~*~tactically~*~*~ (hiding).
  1033 | D:1      | Found a faded altar of an unknown god.
  1427 | D:1      | 1427 ||| UPGRADING to +0 pair of gloves.
  1432 | D:1      | 1432 ||| DROPPING ring of magical power.
  1433 | D:1      | 1433 ||| READING 5 scrolls labelled ILOCSUICIR.
  1434 | D:1      | 1434 ||| READING 3 scrolls labelled FYAPAOTHUO.
  1535 | D:1      | 1535 ||| READING scroll labelled ICUITIA RAYNERCH.
  1540 | D:1      | 1540 ||| READING scroll labelled OWUAWO YTWU.
  1541 | D:1      | 1541 ||| READING scroll labelled KIUTOP MANTOTO.
  1542 | D:1      | 1542 ||| READING scroll labelled VEEBLIYRGHE.
  1543 | D:1      | 1543 ||| DRINKING 2 brown potions.
  1647 | D:1      | 1647 ||| DRINKING 2 grey potions.
  1648 | D:1      | 1648 ||| DRINKING 3 smoky cyan potions.
  1649 | D:1      | 1649 ||| READING 4 scrolls of identify.
  1649 | D:1      | 1649 ||| IDENTIFYING sedimented white potion
  1650 | D:1      | 1650 ||| DROPPING potion of berserk rage.
  1651 | D:1      | 1651 ||| DROPPING potion of flight.
  1652 | D:1      | 1652 ||| DROPPING 2 scrolls of silence.
  1653 | D:1      | 1653 ||| DROPPING 2 potions of brilliance.
  1756 | D:2      | Reached XP level 4. HP: 28/28 MP: 4/4
  1856 | D:2      | Reached skill level 4 in Axes
  1946 | D:2      | 1946 ||| Stepping ~*~*~tactically~*~*~ (stealth).
  2130 | D:2      | 2130 ||| READING scroll labelled HOUNISTR KORON.
  2131 | D:2      | 2131 ||| READING 4 scrolls of identify.
  2131 | D:2      | 2131 ||| IDENTIFYING fizzy ruby potion
  2132 | D:2      | 2132 ||| READING 3 scrolls of identify.
  2132 | D:2      | 2132 ||| IDENTIFYING golden potion
  2133 | D:2      | 2133 ||| READING 2 scrolls of identify.
  2133 | D:2      | 2133 ||| IDENTIFYING sapphire potion
  2134 | D:2      | 2134 ||| DROPPING potion of degeneration.
  2346 | D:3      | 2346 ||| Stepping ~*~*~tactically~*~*~ (stealth).
  2427 | D:3      | 2427 ||| Stepping ~*~*~tactically~*~*~ (stealth).
  2429 | D:3      | 2429 ||| Stepping ~*~*~tactically~*~*~ (stealth).
  2431 | D:3      | 2431 ||| Stepping ~*~*~tactically~*~*~ (stealth).
  2436 | D:3      | 2436 ||| Stepping ~*~*~tactically~*~*~ (stealth).
  2603 | D:3      | Noticed Natasha
  2618 | D:3      | Killed Natasha
  2619 | D:3      | Reached XP level 5. HP: 22/32 MP: 5/5
  3021 | D:3      | Found an opulent altar of Gozag.
  3204 | D:3      | 3204 ||| Stepping ~*~*~tactically~*~*~ (hiding).
  3214 | D:3      | Reached skill level 5 in Axes
  3214 | D:3      | 3214 ||| Stepping ~*~*~tactically~*~*~ (hiding).
  3221 | D:3      | HP: 4/32 [orc priest/divine providence (10)]
  3545 | D:3      | Noticed Natasha
  3546 | D:3      | 3546 ||| Stepping ~*~*~tactically~*~*~ (stealth).
  3548 | D:3      | 3548 ||| Stepping ~*~*~tactically~*~*~ (hiding).
  3567 | D:3      | HP: 4/33 [Natasha/magic dart (8)]
  3568 | D:3      | Mangled by Natasha

Levels and vault maps discovered:
D:1:      dpeg_arrival_tiny_b, layout_loops_corners,
          hellmonk_ecumenical_altar_defaced_shrine, serial_glass,
          glass_columns_c, glass_columns_a, minmay_misc_feat_nine_boxes,
          minmay_unequal
D:2:      layout_rooms
D:3:      minmay_chambers_of_threes, layout_loops_corners,
          grunt_gozag_breadcrumbs, uniq_natasha

Skill      XL: |  1  2  3  4  5 |
---------------+----------------+-----
Axes           | 2 3 4 5 |  5.0
Fighting       | |  3.8
Armour         | |  3.2
Shields        | |  3.2

Action                   |  1- 3 |  4- 6 || total
-------------------------+-------+-------++-------
Melee: War axe           |   102 |   100 ||   202
       Unarmed           |       |    15 ||    15
  Use: Scroll            |     7 |     4 ||    11
       Potion            |     3 |       ||     3
Armor: Scale mail        |    49 |    35 ||    84
Dodge: Dodged            |    39 |    47 ||    86
Block: Buckler           |    21 |    10 ||    31

Table legend:
 A = Non-vault XP
 B = Vault XP
 C = Vault XP percentage of total XP
 D = Non-vault monster count
 E = Vault monster count
 F = Vault count percentage of total count
                 A         B        C        D         E       F
            +---------+---------+-------+---------+---------+-------
      Total |     218 |      68 |  23.8 |      44 |      20 |  31.2
            +---------+---------+-------+---------+---------+-------
        D:1 |      39 |      17 |  30.4 |      24 |       7 |  22.6
        D:2 |      64 |       0 |   0.0 |      11 |       0 |   0.0
        D:3 |     115 |      51 |  30.7 |       9 |      13 |  59.1
            +---------+---------+-------+---------+---------+-------
